 Dungeon Crawl Stone Soup version 0.29.1-15-g9cfb28693d (webtiles) character file.

Game seed: 7691923394452120788

71 leafyfresh the Sneak (level 4, -9/33 HPs)
             Began as an Octopode Delver on Mar 4, 2023.
             Mangled by a two-headed ogre
             ... wielding a +0 giant club
              (23 damage)
             ... on level 5 of the Dungeon.
             The game lasted 00:00:21 (332 turns).

leafyfresh the Sneak (Octopode Delver)               Turns: 332, Time: 00:00:23

Health: -9/33      AC:  1    Str: 11    XL:     4   Next: 24%
Magic:  4/4        EV: 13    Int: 14    God:
Gold:   49         SH:  0    Dex: 13    Spells: 3/3 levels left

rFire   . . .      SeeInvis .   a - +0 short sword
rCold   . . .      Faith    .   (no shield)
rNeg    . . .      Spirit   .   (helmet restricted)
rPois   .          Reflect  .   (no amulet)
rElec   .          Harm     .   (no ring)
rCorr   .          Rampage  .   (no ring)
Will    .....                   (no ring)
Stlth   ++++......              (no ring)
HPRegen 0.11/turn               (no ring)
MPRegen 0.09/turn               (no ring)
                                (no ring)
                                (no ring)

@: no status effects
A: almost no armour, amphibious, 8 rings, camouflage 1, gelatinous body 1,
(nimble swimmer 1), tentacles
a: no special abilities


You were on level 5 of the Dungeon.
You visited 1 branch of the dungeon, and saw 1 of its levels.

You collected 49 gold pieces.

Inventory:

Hand Weapons
 a - a +0 short sword (weapon)
Wands
 f - a wand of digging (3)
Scrolls
 b - a scroll of fog
 c - a scroll of magic mapping
 d - a scroll of fear
 g - 2 scrolls of enchant armour {unknown}
 h - a scroll of enchant weapon {unknown}
 i - 2 scrolls of identify {unknown}
Potions
 e - a potion of haste


   Skills:
 + Level 3.7 Fighting
 - Level 2.2 Short Blades
 + Level 2.9 Dodging
 + Level 7.3 Stealth


You had 3 spell levels left.
You didn't know any spells.
Your spell library was empty.

Dungeon Overview and Level Annotations

Branches:
Dungeon (5/15)
 Temple: D:4-7

Altars:


Innate Abilities, Weirdness & Mutations

You cannot wear most types of armour.
You are amphibious.
You can wear up to eight rings at the same time.
Your skin changes colour to match your surroundings (Stealth+).
Your rubbery body absorbs attacks. (AC +1, EV +1)
((You are camouflaged when in or above water. (Stealth+)))
You have tentacles for arms and can constrict up to eight enemies at once.


Message History

You hit the necrophage but do no damage.
The necrophage is moderately damaged.
You constrict the necrophage. The necrophage barely misses you.
You hit the necrophage.
The necrophage is heavily damaged.
You constrict the necrophage. The necrophage hits you.
You feel drained.
Unknown command.
You hit the necrophage.
The necrophage is severely damaged.
You constrict the necrophage. The necrophage misses you.
You hit the necrophage.
You squeeze the necrophage, but do no damage.
The necrophage is almost destroyed.
You constrict the necrophage. The necrophage hits you.
You hit the necrophage.
You destroy the necrophage!
Your life force feels restored.
Your Stealth skill increases to level 7!
You have reached level 3!
Your experience leads to an increase in your attributes!
Increase (S)trength, (I)ntelligence, or (D)exterity?
You feel clever. x2
You have reached level 4!
HP restored.
Found a hand axe.
Unknown command.
You now have 49 gold pieces (gained 10).
i - 2 scrolls labelled GYISYXT YBLYMO (gained 1)
Found 4 stones.
No target in view!
A two-headed ogre comes into view.
It is wielding a +0 giant club and a +0 great mace.
A two-headed ogre is nearby!
The helpless two-headed ogre fails to defend itself.
You puncture the two-headed ogre!
The two-headed ogre is moderately wounded.
The two-headed ogre hits you with a +0 giant club!!
Ouch! That really hurt!
The two-headed ogre hits you with a +0 great mace!!
Ouch! That really hurt!
You die...

.# .# # .# .#.##
.##...... .......#
....#### #.# ##.##
#.##### ##.#
####.##.=######.##
....
..(.......@.......
.#.##
####.##.###O###.##
.#.# #.##.# .# .#.#
#.##.###.###
.#.#######...........
.............#.##.###
.#########..#.....#
.# ####.........
.######.....##.###.#


You could see a two-headed ogre.

Vanquished Creatures
  A necrophage (D:5)
  An adder (D:5)
2 creatures vanquished.

Notes
Turn   | Place    | Note
-------+----------+-------------------------------------------
     0 | D:5      | leafyfresh the Octopode Delver began the quest for the Orb.
     0 | D:5      | Reached XP level 1. HP: 16/16 MP: 1/1
    61 | D:5      | Reached XP level 2. HP: 21/21 MP: 2/2
    80 | D:5      | Noticed a necrophage
    92 | D:5      | Killed a necrophage
    93 | D:5      | Reached skill level 7 in Stealth
    93 | D:5      | Reached XP level 3. HP: 8/27 MP: 3/3
    93 | D:5      | Reached XP level 4. HP: 9/33 MP: 4/4
   328 | D:5      | Noticed a two-headed ogre
   332 | D:5      | Mangled by a two-headed ogre

Illustrated notes

Levels and vault maps discovered:
D:5:      layout_loops_ring

Skill      XL: |  1  2 |
---------------+-------+-----
Stealth        | 7 |  7.3
Fighting       | |  3.7
Short Blades   | |  2.2
Dodging        | |  2.9

Action                   |  1- 3 |  4- 6 || total
-------------------------+-------+-------++-------
Melee: Short sword       |     8 |     1 ||     9
       Tentacles         |     2 |       ||     2
       Constrict         |     1 |       ||     1
 Stab: Sleeping          |     1 |     1 ||     2
Dodge: Dodged            |     2 |       ||     2
